[ PARTIDA AOE2 · #465186169 ]
1v1 RMChinos vs Burgundians
Equipo del jugador · VICT
Equipo rival · DERR
[ ANÁLISIS DE REPETICIÓN · EXTRAÍDO DE LA PARTIDA GRABADA ]
Feudal
9:29
Castillos
20:11
Imperial
—
| APM promedio | 44.5 |
| APM pico | 78 |
| eAPM promedio | 15.4 |
| Aldeanos / militares | 36 / 14 |
Foco
⚔️ 15.4% · 🌾 84.6%
Archer ×9 · Scout Cavalry ×3 · Spearman ×2
Feudal
9:17
Castillos
—
Imperial
—
| APM promedio | 31.4 |
| APM pico | 87 |
| eAPM promedio | 15.4 |
| Aldeanos / militares | 32 / 6 |
Foco
⚔️ 22.2% · 🌾 77.8%
Spearman ×4 · Scout Cavalry ×2
Mapa de la partida
Recursos iniciales + cada clic de construcción. Líneas = muros · curvas = relieve. ◆ oro · ⬟ piedra · ● bayas · ✦ reliquia · ◌ hueco del cierre
Inputs por minuto
— The Angry Hobbit - - ELEG VACASADA
Build order — The Angry Hobbit
109 acciones detectadas en el replay
| 0:05 | Investigar | Loom |
| 0:43 | Crear | Villager (Male) |
| 1:13 | Crear | Villager (Male) |
| 1:14 | Crear | Villager (Male) |
| 1:40 | Crear | Villager (Male) |
| 1:44 | Construir | Lumber Camp |
| 2:06 | Crear | Villager (Male) |
| 2:35 | Crear | Villager (Male) |
| 3:03 | Crear | Villager (Male) |
| 3:28 | Crear | Villager (Male) |
| 3:32 | Construir | Mill |
| 3:38 | Construir | House |
| 3:46 | Crear | Villager (Male) |
| 3:46 | Crear | Villager (Male) |
| 3:58 | Construir | Mill |
| 4:18 | Crear | Villager (Male) |
| 4:19 | Crear | Villager (Male) |
| 5:10 | Crear | Villager (Male) |
| 5:11 | Crear | Villager (Male) |
| 5:11 | Crear | Villager (Male) |
| 5:30 | Crear | Villager (Male) |
| 5:38 | Crear | Villager (Male) |
| 5:46 | Construir | House |
| 7:19 | Investigar | Feudal Age |
| 7:37 | Construir | Barracks |
| 7:39 | Construir | House |
| 8:53 | Construir | Palisade Wall |
| 9:10 | Crear | Villager (Male) |
| 9:14 | Construir | House |
| 9:29 | Edad | Edad Feudal |
| 9:34 | Construir | Stable |
| 9:37 | Crear | Villager (Male) |
| 9:39 | Investigar | Double-Bit Axe |
| 9:41 | Investigar | Horse Collar |
| 9:46 | Crear | Spearman |
| 9:46 | Crear | Spearman |
| 10:10 | Construir | House |
| 10:12 | Construir | House |
| 10:26 | Crear | Villager (Male) |
| 10:31 | Construir | Farm |
| 10:35 | Crear | Villager (Male) |
| 10:42 | Crear | Scout Cavalry |
| 10:42 | Crear | Scout Cavalry |
| 10:56 | Construir | Mill |
| 11:07 | Crear | Villager (Male) |
| 11:16 | Crear | Villager (Male) |
| 11:18 | Construir | Farm |
| 11:22 | Crear | Scout Cavalry |
| 11:27 | Construir | Farm |
| 11:41 | Construir | Palisade Wall |
| 11:51 | Crear | Villager (Male) |
| 11:53 | Construir | Farm |
| 12:08 | Crear | Villager (Male) |
| 12:11 | Construir | Farm |
| 12:12 | Construir | Farm |
| 12:17 | Construir | House |
| 12:26 | Construir | Farm |
| 12:27 | Crear | Villager (Male) |
| 12:45 | Construir | Mining Camp |
| 12:58 | Construir | House |
| 13:02 | Crear | Villager (Male) |
| 13:04 | Construir | Farm |
| 13:16 | Crear | Villager (Male) |
| 13:33 | Construir | Farm |
| 13:36 | Construir | House |
| 13:39 | Crear | Villager (Male) |
| 13:41 | Construir | Farm |
| 13:44 | Construir | Farm |
| 13:55 | Crear | Villager (Male) |
| 14:00 | Construir | Farm |
| 14:02 | Crear | Villager (Male) |
| 14:06 | Construir | Farm |
| 14:26 | Construir | House |
| 14:29 | Crear | Villager (Male) |
| 14:57 | Construir | House |
| 15:02 | Crear | Villager (Male) |
| 15:12 | Construir | Archery Range |
| 15:17 | Crear | Villager (Male) |
| 15:43 | Crear | Villager (Male) |
| 15:55 | Crear | Villager (Male) |
| 16:06 | Investigar | Wheelbarrow |
| 16:08 | Crear | Archer |
| 16:08 | Crear | Archer |
| 16:35 | Construir | Blacksmith |
| 16:46 | Crear | Archer |
| 16:56 | Construir | House |
| 16:57 | Construir | House |
| 17:26 | Investigar | Castle Age |
| 17:36 | Construir | House |
| 17:37 | Construir | House |
| 17:38 | Construir | House |
| 17:38 | Construir | House |
| 17:44 | Construir | Archery Range |
| 17:48 | Construir | Lumber Camp |
| 17:55 | Crear | Archer |
| 17:57 | Investigar | Fletching |
| 18:19 | Investigar | Gold Mining |
| 18:31 | Construir | House |
| 18:35 | Construir | House |
| 18:36 | Construir | House |
| 19:01 | Construir | Building 800 |
| 19:05 | Crear | Archer |
| 19:14 | Crear | Archer |
| 19:15 | Crear | Archer |
| 19:32 | Crear | Archer |
| 19:32 | Crear | Archer |
| 19:44 | Investigar | Bloodlines |
| 20:11 | Edad | Edad de los Castillos |
| 20:14 | Investigar | Bodkin Arrow |
Build order — ELEG VACASADA
99 acciones detectadas en el replay
| 0:00 | Crear | Villager (Male) |
| 0:00 | Crear | Villager (Male) |
| 0:00 | Crear | Villager (Male) |
| 0:02 | Construir | House |
| 0:05 | Construir | House |
| 0:25 | Crear | Villager (Male) |
| 0:25 | Crear | Villager (Male) |
| 1:32 | Crear | Villager (Male) |
| 1:46 | Construir | Lumber Camp |
| 1:50 | Crear | Villager (Male) |
| 2:23 | Crear | Villager (Male) |
| 2:47 | Crear | Villager (Male) |
| 3:05 | Construir | House |
| 3:14 | Crear | Villager (Male) |
| 3:23 | Construir | House |
| 3:36 | Crear | Villager (Male) |
| 4:10 | Construir | Palisade Wall |
| 4:17 | Crear | Villager (Male) |
| 4:20 | Crear | Villager (Male) |
| 4:43 | Crear | Villager (Male) |
| 4:48 | Construir | Mill |
| 5:43 | Crear | Villager (Male) |
| 6:04 | Crear | Villager (Male) |
| 6:28 | Investigar | Loom |
| 7:07 | Investigar | Feudal Age |
| 7:17 | Construir | Barracks |
| 7:47 | Crear | Villager (Male) |
| 9:05 | Crear | Villager (Male) |
| 9:17 | Edad | Edad Feudal |
| 9:29 | Construir | Stable |
| 9:33 | Construir | Palisade Wall |
| 10:34 | Construir | Mining Camp |
| 10:38 | Crear | Villager (Male) |
| 10:38 | Crear | Villager (Male) |
| 10:39 | Crear | Villager (Male) |
| 10:50 | Construir | Archery Range |
| 10:53 | Crear | Villager (Male) |
| 11:02 | Construir | Palisade Wall |
| 11:15 | Construir | House |
| 11:20 | Investigar | Double-Bit Axe |
| 11:47 | Crear | Scout Cavalry |
| 11:52 | Crear | Spearman |
| 12:11 | Construir | Palisade Wall |
| 12:13 | Construir | Palisade Wall |
| 12:17 | Construir | Lumber Camp |
| 12:23 | Construir | Palisade Wall |
| 12:24 | Construir | Palisade Wall |
| 12:32 | Construir | Farm |
| 12:34 | Construir | Farm |
| 12:38 | Crear | Villager (Male) |
| 12:49 | Crear | Spearman |
| 12:59 | Construir | House |
| 13:20 | Construir | Farm |
| 13:37 | Crear | Villager (Male) |
| 13:38 | Construir | Farm |
| 13:39 | Construir | Farm |
| 13:50 | Construir | Farm |
| 13:55 | Crear | Villager (Male) |
| 13:58 | Construir | House |
| 13:59 | Construir | House |
| 14:06 | Construir | Farm |
| 14:09 | Construir | Farm |
| 14:14 | Construir | Farm |
| 14:21 | Crear | Spearman |
| 14:21 | Crear | Spearman |
| 14:25 | Crear | Villager (Male) |
| 14:40 | Construir | Palisade Wall |
| 15:12 | Crear | Villager (Male) |
| 15:40 | Construir | Palisade Wall |
| 15:41 | Construir | Palisade Wall |
| 15:43 | Construir | Palisade Wall |
| 15:45 | Construir | Palisade Wall |
| 16:03 | Crear | Villager (Male) |
| 16:07 | Crear | Villager (Male) |
| 16:21 | Construir | Mill |
| 16:27 | Crear | Scout Cavalry |
| 16:39 | Crear | Villager (Male) |
| 16:54 | Construir | House |
| 16:56 | Construir | House |
| 16:58 | Construir | House |
| 17:02 | Construir | Farm |
| 17:12 | Construir | House |
| 17:27 | Construir | Market |
| 17:40 | Crear | Villager (Male) |
| 18:04 | Crear | Villager (Male) |
| 18:12 | Construir | Farm |
| 18:14 | Construir | Farm |
| 18:18 | Construir | Farm |
| 18:22 | Construir | Farm |
| 18:27 | Construir | House |
| 18:31 | Construir | Farm |
| 18:42 | Investigar | Castle Age |
| 18:51 | Investigar | Bow Saw |
| 18:55 | Investigar | Horse Collar |
| 19:11 | Construir | Stable |
| 19:32 | Investigar | Heavy Plow |
| 20:01 | Construir | Blacksmith |
| 20:08 | Construir | House |
| 20:09 | Construir | House |
Cronología de la partida
| 4:10 | ELEG VACASADA · wall_segment Palisade Wall x2 |
| 7:17 | ELEG VACASADA · first_building Barracks |
| 7:37 | The Angry Hobbit · first_building Barracks |
| 8:53 | The Angry Hobbit · wall_segment Palisade Wall x1 |
| 9:17 | ELEG VACASADA · age_up feudal |
| 9:29 | The Angry Hobbit · age_up feudal |
| 9:29 | ELEG VACASADA · first_building Stable |
| 9:33 | ELEG VACASADA · wall_segment Palisade Wall x1 |
| 9:34 | The Angry Hobbit · first_building Stable |
| 10:50 | ELEG VACASADA · first_building Archery Range |
| 11:02 | ELEG VACASADA · wall_segment Palisade Wall x9 |
| 11:41 | The Angry Hobbit · wall_segment Palisade Wall x4 |
| 12:11 | ELEG VACASADA · wall_segment Palisade Wall x1 |
| 12:13 | ELEG VACASADA · wall_segment Palisade Wall x1 |
| 12:23 | ELEG VACASADA · wall_segment Palisade Wall x1 |
| 12:24 | ELEG VACASADA · wall_segment Palisade Wall x1 |
| 14:40 | ELEG VACASADA · wall_segment Palisade Wall x1 |
| 15:12 | The Angry Hobbit · first_building Archery Range |
| 15:40 | ELEG VACASADA · wall_segment Palisade Wall x1 |
| 15:41 | ELEG VACASADA · wall_segment Palisade Wall x1 |
| 15:43 | ELEG VACASADA · wall_segment Palisade Wall x1 |
| 15:45 | ELEG VACASADA · wall_segment Palisade Wall x1 |
| 18:35 | ELEG VACASADA · first_market_buy 100 food |
| 18:40 | ELEG VACASADA · first_market_sell 100 wood |
| 20:11 | The Angry Hobbit · age_up castle |
| 20:20 | ELEG VACASADA · resign |
[ ANÁLISIS IA · 1 CRÉDITO ]
¿Qué pasó realmente en esta partida?
Wolo.gg analiza cada decisión: build order, eco, micro, errores típicos por bracket. Análisis personalizado por WhatsApp o Discord en 30 segundos.
Guía civ
Chinos
Guía mapa
Mongolia
Perfil
Jugador #1430757